 Dungeon Crawl Stone Soup version 0.20.0-10-g0535bb4 (webtiles) character file.

97 anfisbena the Skirmisher (level 4, -2/40 HPs)
             Began as a Demonspawn Abyssal Knight on June 6, 2017.
             Was a Follower of Lugonu.
             Slain by an orc wizard
             ... wielding a +2 dagger of protection
              (7 damage)
             ... on level 4 of the Dungeon.
             The game lasted 00:03:46 (2448 turns).

anfisbena the Skirmisher (DsAK)                     Turns: 2448, Time: 00:03:47

Health: -2/40      AC:  1    Str: 10 (12) XL:     4   Next: 42%
Magic:  5/5        EV: 11    Int: 12 (14) God:    Lugonu [*.....]
Gold:   39         SH:  0    Dex: 11 (13) Spells: 3/3 levels left

rFire    + . .     SeeInvis .   a - +1 falchion
rCold    + . .     Gourm    .   (no shield)
rNeg     . . .     Faith    .   b - +0 leather armour
rPois    +         Spirit   .   (helmet restricted)
rElec    +         Reflect  .   (no cloak)
rCorr    +         Harm     .   (no gloves)
MR       .....     Clarity  +   (no boots)
Stlth    +.........             (no amulet)
Regen    0.6/turn               (no ring)
MPRegen  0.1/turn               (no ring)

@: resistant, flying
A: horns 1, clarity, deformed body, powered by pain 1, regeneration 1, robust 1
a: Depart the Abyss, Renounce Religion


You were on level 4 of the Dungeon.
You worshipped Lugonu.
Lugonu was aware of your devotion.
You were not hungry.

You visited 1 branch of the dungeon, and saw 3 of its levels.
You visited the Abyss 1 time.

You collected 39 gold pieces.

Inventory:

Hand Weapons
 a - a +1 falchion (weapon)
Armour
 b - a +0 leather armour (worn)
 j - a +0 pair of boots
 q - a +0 pair of gloves
Jewellery
 k - a +1 ring of evasion {unknown}
Scrolls
 d - a scroll of fear {unknown}
 i - 3 scrolls of identify {unknown}
 l - 5 scrolls of remove curse {unknown}
 p - a scroll of fog {unknown}
Potions
 h - a potion of resistance
Comestibles
 c - 3 bread rations
 f - a fruit
 m - a chunk of flesh


   Skills:
 + Level 4.1 Fighting
 + Level 3.3 Long Blades
 - Level 1.7 Armour
 - Level 0.8 Dodging
 - Level 2.4 Invocations


You had 3 spell levels left.
You didn't know any spells.

Dungeon Overview and Level Annotations

Branches:
Dungeon (2/15)

Altars:


Innate Abilities, Weirdness & Mutations

You have a pair of small horns on your head.
You sometimes gain a little power by taking damage.
You possess an exceptional clarity of mind.
Armour fits poorly on your strangely shaped body.
Your natural rate of healing is unusually fast.
You are robust. (+10% HP)


Message History

You hit the orc but do no damage.
The orc is almost dead.
The orc barely misses you.
You hit the orc.
You kill the orc!
Lugonu accepts your kill.
You closely miss something. Something hits you.
* * * LOW HITPOINT WARNING * * *
You completely miss something. Your headbutt misses something.
Something hits you.
* * * LOW HITPOINT WARNING * * *
Something hits you.
* * * LOW HITPOINT WARNING * * *
You miss something. Your headbutt misses something.
Something hits you but does no damage.
You closely miss something. You headbutt something.
You hear some strange, mumbled words.
You feel momentarily confused.
You hit something but do no damage. Something hits you!
You die...

#........ #........
######### #.......
......... +......
........###o().#
.......oo.#oS..#
######)#.#....#
#@#r.o...#
####+##.#####
#.....(.##
#.##########.......[#
#.........##....(...##
#########.##.........#
#.##..!....#.#
#.##.......#.#
#.##.......#.#


You could see 2 orcs.

Vanquished Creatures
  Terence (D:2)
  An adder (D:4)
  An ooze (D:1)
  A worm (D:2)
  A dart slug (D:1)
  A leopard gecko (D:2)
  2 orcs (D:4)
  2 bats (D:1)
  2 giant cockroaches (D:1)
  7 goblins
  6 hobgoblins
  5 jackals (D:2)
  3 kobolds
  2 quokkas
  A ball python (D:1)
  6 frilled lizards
  3 rats
45 creatures vanquished.

Vanquished Creatures (others)
  A goblin (D:2)
1 creature vanquished.

Grand Total: 46 creatures vanquished

Notes
Turn   | Place    | Note
-------+----------+-------------------------------------------
     0 | Abyss:1  | anfisbena the Demonspawn Abyssal Knight began the quest for the Orb.
     0 | Abyss:1  | Reached XP level 1. HP: 18/18 MP: 2/2
    24 | Abyss:1  | Found a corrupted altar of Lugonu.
    75 | Abyss:1  | Noticed a thrashing horror
    76 | D:1      | Escaped the Abyss
   434 | D:1      | Gained mutation: You have a pair of small horns on your head. [demonic ancestry]
   434 | D:1      | Reached XP level 2. HP: 21/24 MP: 3/3
   788 | D:1      | Reached * piety under Lugonu
  1320 | D:1      | Reached XP level 3. HP: 30/30 MP: 4/4
  2316 | D:2      | Noticed Terence
  2332 | D:2      | Killed Terence
  2332 | D:2      | Reached skill level 4 in Fighting
  2332 | D:2      | Gained mutation: You sometimes gain a little power by taking damage. [demonic ancestry]
  2332 | D:2      | Reached XP level 4. HP: 31/37 MP: 5/5
  2390 | D:2      | You fall through a shaft for 2 floors!
  2435 | D:4      | Gained mutation: You are robust. (+10% HP) [potion of mutation]
  2435 | D:4      | Gained mutation: You possess an exceptional clarity of mind. [potion of mutation]
  2435 | D:4      | Gained mutation: Armour fits poorly on your strangely shaped body. [potion of mutation]
  2435 | D:4      | Gained mutation: Your natural rate of healing is unusually fast. [potion of mutation]
  2448 | D:4      | Slain by an orc wizard

Skill      XL: |  1  2  3 |
---------------+----------+-----
Long Blades    | 2 3 |  3.3
Fighting       | 4 |  4.1
Armour         | |  1.7
Dodging        | |  0.8
Invocations    | |  2.4

Action                   |  1- 3 |  4- 6 || total
-------------------------+-------+-------++-------
Melee: Falchion          |   126 |    24 ||   150
       Headbutt          |    16 |     3 ||    19
Invok: Depart the Abyss  |     1 |       ||     1
  Use: Potion            |       |     5 ||     5
  Eat: Chunk             |     5 |       ||     5
Armor: Leather armour    |    36 |     4 ||    40
Dodge: Dodged            |    82 |    20 ||   102
       Rpst.: Falchion   |    27 |     5 ||    32
